Map: 中心协议

Players

shengy

  • Race: Zerg Zerg
  • League: Platinum

SluttyMagoo - Winner!

  • Race: Protoss Protoss
  • League: Diamond

VOD

Have the link to the VOD?

Description

Time

  • Played on: Jan. 1, 2016, 10:10 p.m.
  • Length: 6:41
Show
View Real Time Build Order
Export as new Build Order

shengy Zerg 

Build Orders: Pool First 

Get SALT Encoding   

  12  0:01  Drone  
  13  0:10  Drone  
  14  0:16  Overlord  
  14  0:35  Drone x3  
  17  0:46  Spawning Pool  
  17  0:49  Drone  
  17  0:56  Drone  
  18  1:03  Extractor  
  17  1:19  Drone  
  17  1:21  Hatchery  
  17  1:34  Queen  
  17  1:37  Overlord  
  19  1:51  Zergling x6  
  22  2:08  Drone  
  22  2:14  Queen  
  25  2:25  Drone  
  26  2:31  Drone  
  26  2:32  Extractor  
  26  2:37  Queen  
  26  2:43  Drone x4  
  32  2:51  Lair  
  32  3:00  Overlord  
  32  3:01  Drone x2  
  34  3:08  Metabolic Boost  
  34  3:18  Drone x4  
  38  3:24  Overlord  
  38  3:26  Drone  
  39  3:31  Extractor  
  39  3:32  Extractor  
  39  3:33  Drone  
  38  3:39  Drone x3  
  41  3:41  Drone  
  42  3:49  Overlord  
  42  3:50  Drone  
  42  3:52  Drone  
  44  4:02  Drone x3  
  47  4:04  Drone  
  48  4:15  Spire  
  47  4:18  Drone  
  47  4:19  Drone  
  47  4:22  Drone  
  47  4:23  Drone  
  51  4:32  Overlord  
  51  4:34  Drone  
  51  4:35  Drone x2  
  51  4:36  Drone  
  55  4:44  Overlord x2  
  55  5:26  Mutalisk x9  
  71  5:29  Zergling x10  
  74  5:46  Zergling x2  
  74  5:47  Zergling x2  
  71  6:06  Zergling x2  
  71  6:07  Zergling x10  
  76  6:22  Zergling x2  
  76  6:23  Zergling x2  
  76  6:24  Zergling x4  
Show
View Real Time Build Order
Export as new Build Order

SluttyMagoo Protoss - Winner!

Build Orders: Nexus First 

Get SALT Encoding   

  12  0:01  Probe (Chrono Boost)  
  13  0:11  Probe (Chrono Boost)  
  14  0:17  Pylon  
  14  0:22  Probe (Chrono Boost)  
  16  0:35  Probe (Chrono Boost)  
  16  0:46  Probe (Chrono Boost)  
  17  1:00  Nexus  
  17  1:10  Gateway  
  17  1:21  Gateway  
  17  1:23  Probe (Chrono Boost)  
  18  1:30  Assimilator  
  18  1:35  Assimilator  
  18  1:37  Probe (Chrono Boost)  
  19  1:49  Pylon, Probe (Chrono Boost)  
  20  1:58  Cybernetics Core  
  20  2:06  Probe (Chrono Boost)  
  21  2:09  Zealot  
  21  2:14  Probe (Chrono Boost)  
  24  2:20  Zealot  
  24  2:22  Probe (Chrono Boost)  
  27  2:38  Adept  
  27  2:40  Warp Gate  
  29  2:46  Mothership Core (Chrono Boost)  
  29  2:47  Adept  
  33  2:53  Probe (Chrono Boost)  
  34  3:04  Probe x2 (Chrono Boost)  
  36  3:13  Adept  
  36  3:15  Probe x2 (Chrono Boost)  
  40  3:25  Probe (Chrono Boost)  
  40  3:26  Probe (Chrono Boost)  
  42  3:29  Pylon  
  42  3:36  Probe (Chrono Boost)  
  43  3:58  Pylon, Gateway  
  43  4:01  Gateway  
  43  4:02  Adept  
  45  4:06  Adept  
  45  4:07  Probe x2 (Chrono Boost)  
  49  4:16  Pylon x2  
  49  4:18  Probe x2 (Chrono Boost)  
  51  4:24  Gateway  
  51  4:28  Probe (Chrono Boost)  
  52  4:39  Gateway  
  52  4:54  Gateway  
  52  5:00  Sentry  
  52  5:01  Sentry x2  
  52  5:05  Stalker  
  60  5:20  Pylon  
  60  5:24  Pylon  
  60  5:26  Pylon  
  60  5:32  Adept x4  
  60  5:33  Adept  
  70  5:48  Stalker  
  70  5:58  Stalker x3  
  74  6:21  Zealot x6  
  74  6:22  Zealot  
  82  6:38  Forge  
  82  6:39  Pylon  
Tags
 
Add a new tag
Caveats
  • Supply blocks, unpowered buildings, or Contaminate may cause inaccurate times.
  • Supply counts are checked every 10 seconds.